AoeStats
← NotGG

Black Forest

509457367Analyzed
4v4 RM · 6d ago on Sep 26, 2026· 56m 56s· 8 players
Game mode
Random Map
Map size
Large (8 player)
Population
200
Speed
Normal
Resources
Standard
Victory
Conquest
Starting age
Dark Age
Ending age
Imperial Age
RankedLock teamsTeams togetherTeam positionsShared explorationLock speedFull tech treeHidden civsTurbo modeCheats
Victory
Defeat
🇨🇴 Turks · Colombia
1171
+17
🇬🇷 Vikings · Greece
1163
+17
🇺🇸 Varangians · United States
1150
+17
🇲🇽 Mongols · Mexico
1135
+18
🇦🇷 Bohemians · Argentina
1202
-18
🇨🇦 Ethiopians · Canada
1181
-17
🇺🇸 Teutons · United States
1176
-17
🇺🇸 Japanese · United States
1168
-17
Megatron2002
0:28 Loom
11:58 Feudal Age
13:38 Double-Bit Axe
16:29 Wheelbarrow
16:16 Horse Collar
19:44 Castle Age
17:58 Stone Mining
18:18 Gold Mining
19:26 Fletching
20:56 Bow Saw
20:49 Heavy Plow
22:19 Fervor
28:21 Stone Shaft Mining
28:30 Gold Shaft Mining
28:59 Bodkin Arrow
33:50 Imperial Age
32:43 Hand Cart
32:34 Padded Archer Armor
32:41 Thumb Ring
32:47 Husbandry
33:02 Bloodlines
34:05 Leather Archer Armor
34:57 Conscription
33:57 Elite Mangudai
34:58 Drill
34:48 Bracer
35:17 Parthian Tactics
34:38 Capped Ram
35:11 Onager
36:19 Ballistics
37:00 Chemistry
36:55 Siege Engineers
37:00 Siege Ram
37:13 Siege Onager
41:22 Light Cavalry
42:26 Siege Engineers
42:31 Masonry
42:32 Fortified Wall
42:39 Forging
42:35 Scale Barding Armor
43:44 Siege Ram
45:04 Iron Casting
44:50 Chain Barding Armor
46:31 Hussar
49:45 Blast Furnace
51:50 Caravan
56:02 Town Watch
hargir
0:46 Loom
12:13 Feudal Age
17:08 Castle Age
16:02 Double-Bit Axe
27:04 Horse Collar
32:27 Imperial Age
30:38 Wheelbarrow
30:37 Bow Saw
30:22 Gold Mining
33:05 Heavy Plow
33:44 Conscription
34:34 Bombard Tower
35:37 Scale Mail Armor
37:52 Bloodlines
40:23 Chain Mail Armor
41:04 Gold Shaft Mining
40:33 Padded Archer Armor
41:02 Ballistics
41:51 Caravan
45:19 Plate Mail Armor
45:34 Sappers
46:23 Leather Archer Armor
50:30 Ring Archer Armor
49:51 Fletching
51:28 Artillery
52:38 Bodkin Arrow
Glorius Goose
0:29 Loom
12:23 Feudal Age
16:30 Castle Age
15:11 Horse Collar
15:23 Double-Bit Axe
31:06 Bloodlines
31:41 Scale Barding Armor
31:53 Husbandry
36:54 Bow Saw
37:25 Forging
38:43 Light Cavalry
44:48 Fletching
47:36 Chain Barding Armor
51:29 Imperial Age
49:38 Iron Casting
49:50 Wheelbarrow
50:45 Gold Mining
52:39 Hussar
53:55 Conscription
54:20 Plate Barding Armor
54:01 Heavy Plow
55:29 Blast Furnace
54:12 Vendel Legacy
gpal23
5:55 Loom
12:09 Feudal Age
14:53 Horse Collar
18:57 Castle Age
19:32 Double-Bit Axe
22:08 Man-at-Arms
23:46 Scale Barding Armor
24:18 Forging
24:15 Heavy Plow
23:37 Long Swordsman
24:58 Bow Saw
24:41 Pikeman
26:16 Iron Casting
25:41 Scale Mail Armor
26:53 Scale Mail Armor
29:57 Chain Mail Armor
30:13 Squires
31:21 Chieftains
34:08 Caravan
39:00 Imperial Age
37:48 Arson
38:22 Gold Mining
39:02 Capped Ram
39:11 Two-Handed Swordsman
40:18 Conscription
40:59 Plate Mail Armor
41:29 Blast Furnace
41:04 Crop Rotation
41:36 Two-Man Saw
40:08 Champion
41:24 Siege Ram
42:00 Elite Berserk
47:37 Onager
kat_not_dog
0:48 Loom
11:24 Feudal Age
16:45 Double-Bit Axe
19:05 Castle Age
17:34 Stone Mining
17:29 Horse Collar
26:14 Bow Saw
26:53 Heavy Plow
29:16 Gold Mining
29:44 Pikeman
30:25 Squires
30:27 Gold Mining
33:37 Imperial Age
31:49 Wheelbarrow
31:49 Forging
31:30 Fletching
31:47 Pikeman
32:28 Squires
32:29 Scale Mail Armor
32:29 Padded Archer Armor
32:41 Crossbowman
33:26 Thumb Ring
33:18 Bodkin Arrow
34:13 Gold Shaft Mining
35:08 Kataparuto
35:43 Iron Casting
35:24 Chain Mail Armor
35:24 Caravan
36:45 Hand Cart
37:56 Blast Furnace
38:06 Two-Man Saw
38:14 Arbalester
38:34 Elite Skirmisher
43:52 Halberdier
52:30 Light Cavalry
53:21 Bloodlines
53:11 Husbandry
GREATWHITE
11:51 Feudal Age
14:25 Double-Bit Axe
17:50 Castle Age
15:46 Horse Collar
19:21 Bow Saw
20:25 Heavy Plow
22:28 Wheelbarrow
23:12 Gold Mining
24:35 Hand Cart
32:21 Imperial Age
30:37 Bloodlines
30:52 Scale Mail Armor
30:57 Scale Barding Armor
31:05 Forging
30:50 Stone Mining
32:20 Chain Barding Armor
33:23 Iron Casting
32:55 Cavalier
34:29 Plate Barding Armor
34:18 Paladin
36:23 Blast Furnace
37:10 Caravan
41:51 Chemistry
40:59 Siege Engineers
41:20 Conscription
43:28 Fletching
44:11 Crenellations
44:59 Bodkin Arrow
49:12 Bombard Tower
49:31 Hoardings
51:14 Loom
52:58 Guilds
byzmaster
6:59 Loom
11:16 Feudal Age
12:13 Double-Bit Axe
16:12 Castle Age
18:18 Fletching
19:49 Scale Mail Armor
29:17 Forging
32:38 Chain Mail Armor
33:43 Squires
34:06 Bodkin Arrow
37:40 Horse Collar
38:12 Bow Saw
41:45 Imperial Age
39:40 Crossbowman
40:38 Padded Archer Armor
40:26 Town Watch
42:05 Thumb Ring
42:49 Wheelbarrow
42:19 Arbalester
43:56 Bracer
44:52 Gold Mining
45:33 Hand Cart
46:16 Ballistics
46:56 Chemistry
NotGG
6:35 Loom
8:31 Feudal Age
9:04 Double-Bit Axe
17:20 Castle Age
15:41 Horse Collar
17:23 Town Watch
18:44 Fervor
19:48 Forging
20:33 Scale Barding Armor
28:53 Iron Casting
29:56 Chain Barding Armor
32:11 Husbandry
38:05 Imperial Age
36:11 Wheelbarrow
35:21 Loom
38:42 Chemistry
38:03 Masonry
38:28 Cavalier
40:23 Fletching
Connection lost

Rejoining the realm…

Still unreachable

The connection could not be restored.

Session expired

The server has moved on; the page needs a fresh start.